 Dungeon Crawl Stone Soup version 0.31-a0-174-g85c54bcb58 (webtiles) character file.

Game seed: 10382056769586395891

6474 qw the Cleaver (level 11, -7/69 HPs)
             Began as a Gargoyle Fighter on June 15, 2023.
             Was an Elder of Okawaru.
             Mangled by Psyche
             ... wielding a +3 dagger of distortion
              (24 damage)
             ... on level 8 of the Dungeon.
             The game lasted 00:04:14 (7894 turns).

qw the Cleaver (Gargoyle Fighter)                   Turns: 7894, Time: 00:04:14

Health: -7/69      AC: 27    Str: 23    XL:     11   Next: 0%
Magic:  12/14      EV: 10    Int: 10    God:    Okawaru [****..]
Gold:   521        SH:  6    Dex:  9    Spells: 10/10 levels left

rFire   . . .        Y - +2 war axe
rCold   . . .        c - +0 buckler
rNeg    + . .        u - +0 chain mail
rPois   inf          o - +0 helmet
rElec   +            (no cloak)
rCorr   +            (no gloves)
SInv    .            i - +0 pair of boots
Will    .....        v - amulet of faith Stlth
                     h - ring of resist corrosion
HPRegen 0.31/turn    s - +4 ring of protection
MPRegen 0.14/turn

%: faith
@: about to teleport, heroic
A: sickness immunity, AC +8, negative energy resistance 1, electricity
resistance, torment resistance 1, petrification resistance
a: Renounce Religion, Heroism, Finesse


You were on level 8 of the Dungeon.
You worshipped Okawaru.
Okawaru was greatly pleased with you.
You visited 2 branches of the dungeon, and saw 9 of its levels.

You collected 521 gold pieces.


Innate Abilities, Weirdness & Mutations

You are immune to sickness and miasma.
Your stone body is resilient. (AC +8)
You are immune to poison.
You resist negative energy. (rN+)
You are resistant to electric shocks. (rElec)
You are resistant to unholy torment.
You are immune to petrification.


   Skills:
 + Level 8.4(13.4) Fighting
 - Level 11.0(16.0) Axes
 - Level 1.2(6.2) Throwing
 - Level 7.0(12.0) Armour
 - Level 2.0(7.0) Dodging
 - Level 5.1(10.1) Shields
 + Level 4.9 Invocations


You had 10 spell levels left.
You didn't know any spells.
Your spell library was empty.

Inventory:

Hand Weapons
 w - a -2 demon whip of venom
 x - a +4 flail
 Y - a +2 war axe (weapon)
Missiles
 p - 3 boomerangs (quivered)
Armour
 c - a +0 buckler (worn)
 i - a +0 pair of boots (worn)
 o - a +0 helmet (worn)
 u - a +0 chain mail (worn)
Jewellery
 e - an amulet of magic regeneration
 h - a ring of resist corrosion (left hand)
 l - an amulet of the acrobat
 m - an amulet of guardian spirit
 s - a +4 ring of protection (right hand)
 v - an amulet of faith (around neck)
Scrolls
 f - 4 scrolls of teleportation
 k - a scroll of identify
Potions
 a - 2 potions of attraction
 b - a potion of curing
 d - a potion of might
 g - 2 potions of heal wounds
 j - a potion of resistance
 n - a potion of magic
 q - a potion of haste
 r - a potion of mutation
 t - a potion of cancellation

Dungeon Overview and Level Annotations

Branches:
Dungeon (8/15)             Temple (1/1) D:6
   Lair: D:8-11

Altars:
Ashenzari
Cheibriados
Dithmenos
Elyvilon
Fedhas
Gozag
Hepliaklqana
Kikubaaqudgha
Makhleb
Nemelex Xobeh
Okawaru
Qazlal
Ru
Sif Muna
Trog
Uskayaw
Vehumet
Wu Jian
Xom
Yredelemnul
Zin
The Shining One

Annotations:
D:8 Psyche


Message History

You hit the killer bee.
Psyche laughs secretively.
The killer bee stings you but does no damage.
You barely miss the killer bee.
The killer bee is moderately wounded.
You block the killer bee's attack.
You closely miss the killer bee.
The killer bee is moderately wounded.
The killer bee stings you but does no damage.
Psyche zaps a wand.
The roots erupt in riotous growth!
The killer bee is unaffected.
The grasping roots grab you!
Psyche is unaffected.
The grasping roots constrict you.
The killer bee stings you but does no damage.
You hit the killer bee.
The killer bee is severely wounded.
The killer bee closely misses you.
Psyche drinks a potion.
Psyche seems to grow stronger.
The grasping roots constrict you.
You slash the killer bee!
You kill the killer bee!
Okawaru accepts your kill.
Psyche gestures wildly while chanting.
A swirling arc of seething chaos appears!
The arc of chaos arcs out of your line of sight!
The grasping roots constrict you.
You hear an angry buzzing noise.
You hear a shout!
You have reached level 11!
You escape the roots grasp.
The killer bee buzzes angrily.
A centaur comes into view.
Psyche hits you but does no damage. Space warps horribly around you!
There is an open door here.
You see here a killer bee corpse.
7894 ||| READING 5 scrolls of teleportation.
As you read the scroll of teleportation, it crumbles to dust.
You feel strangely unstable. The killer bee barely misses you.
Psyche hits you with a +3 dagger of distortion.
Space warps horribly around you!!
You die...

..........+ ...........##..#
..........# ...........##..#
###############..##....#...#
## ###.##..##....##..# .#
#.......##....##..# .#
#.............##### .#
#..........)..# ##
###.##(%##........ ####### #
##@##....##.. .......
#...y@##....# . .......
#...........# #####.#
#.....##.....# ##P###
#.....##....## .'._}#
......c# .'._}# .........
###### ......... #


You could see Psyche (strong), a centaur and a killer bee (corroded).

Vanquished Creatures
  Erica (D:8)
  A two-headed ogre (D:6)
  Amaemon (D:8)
  An orange demon (D:8)
  Sigmund (D:2)
  2 wyverns
  Grum (D:8)
  An orc warrior (D:8)
  A water moccasin (D:5)
  A black bear (D:7)
  2 ice beasts (D:7)
  2 ogres
  4 wolves (D:8)
  3 centaurs
  3 phantoms
  3 bullfrogs
  A gnoll sergeant (D:7)
  3 scorpions
  15 wights
  9 killer bees
  4 hounds
  2 jellies (D:4)
  3 orc priests (D:4)
  2 sleepcaps
  4 iguanas
  A gnoll bouda (D:8)
  2 orc wizards (D:7)
  Robin (D:3)
  13 gnolls
  13 adders
  A shadow imp (D:5)
  A white imp (D:5)
  An ufetubus (D:4)
  A worm (D:4)
  4 dart slugs
  21 orcs
  5 ball pythons
  6 bats
  8 endoplasms
  A giant cockroach (D:2)
  13 goblins
  8 hobgoblins
  4 quokkas
  3 frilled lizards (D:1)
  8 kobolds
  4 rats
190 creatures vanquished.

Notes
Turn   | Place    | Note
-------+----------+-------------------------------------------
     0 | D:1      | qw the Gargoyle Fighter began the quest for the Orb.
     0 | D:1      | Reached XP level 1. HP: 14/14 MP: 1/1
     0 | D:1      | 0 ||| qw: Version: 0.2-a-29-g511e9b1
     0 | D:1      | 0 ||| qw: Game counter: 5623
     0 | D:1      | 0 ||| qw: Always use a shield: true
     0 | D:1      | 0 ||| qw: God list: Okawaru
     0 | D:1      | 0 ||| qw: Allow faded altars: false
     0 | D:1      | 0 ||| qw: Do Orc after D:15 true
     0 | D:1      | 0 ||| qw: Do second Lair branch before Depths: true
     0 | D:1      | 0 ||| qw: Lair rune preference: random
     0 | D:1      | 0 ||| qw: Plans: Normal, Zot:1-4, Slime:5, God:TSO, Crypt,
                  | Tomb, Abyss, Pan, Hells, Win
     0 | D:1      | 0 ||| PLANNING D:1-11
   121 | D:1      | 121 ||| Stepping ~*~*~tactically~*~*~ (stealth).
   127 | D:1      | Reached skill level 2 in Axes
   130 | D:1      | Reached XP level 2. HP: 19/19 MP: 2/2
   492 | D:1      | Reached skill level 3 in Axes
   545 | D:1      | Reached XP level 3. HP: 23/23 MP: 3/3
   709 | D:1      | 709 ||| UPGRADING to +0 pair of boots.
   714 | D:1      | 714 ||| UPGRADING to +3 ring mail of positive energy.
   724 | D:1      | 724 ||| DROPPING +0 scale mail.
   725 | D:1      | 725 ||| READING scroll labelled ELONKU AFEMIPT.
   726 | D:1      | 726 ||| READING scroll labelled GUMAHI WOXIMUI.
   727 | D:1      | 727 ||| DRINKING 2 cyan potions.
   728 | D:1      | 728 ||| DROPPING potion of brilliance.
   754 | D:2      | Noticed Sigmund
   755 | D:2      | 755 ||| Stepping ~*~*~tactically~*~*~ (hiding).
   759 | D:2      | 759 ||| Stepping ~*~*~tactically~*~*~ (hiding).
   783 | D:2      | HP: 4/23 [something/puff of flame (4)]
   785 | D:2      | Killed Sigmund
   786 | D:2      | Reached skill level 5 in Axes
   786 | D:2      | Reached XP level 4. HP: 5/28 MP: 4/4
   786 | D:2      | Reached XP level 5. HP: 6/32 MP: 5/5
   945 | D:2      | 945 ||| DROPPING +0 club.
  1433 | D:2      | Reached XP level 6. HP: 37/37 MP: 6/6
  1476 | D:2      | Reached skill level 1 in Dodging
  1578 | D:2      | 1578 ||| Stepping ~*~*~tactically~*~*~ (hiding).
  1868 | D:2      | 1868 ||| READING scroll labelled YKIPAT BUTOSO.
  1869 | D:2      | 1869 ||| READING scroll labelled COTOIFUPNA.
  1870 | D:2      | 1870 ||| READING 2 scrolls labelled SUUW GEIWA.
  1971 | D:2      | 1971 ||| READING 2 scrolls labelled SIODEB KEURHYNT.
  1972 | D:2      | 1972 ||| DRINKING 3 fuming grey potions.
  1973 | D:2      | 1973 ||| READING 2 scrolls of identify.
  1973 | D:2      | 1973 ||| IDENTIFYING fuming ruby potion
  1974 | D:2      | 1974 ||| DROPPING scroll of silence.
  1975 | D:2      | 1975 ||| DROPPING scroll of fear.
  2033 | D:3      | 2033 ||| DROPPING +0 whip.
  2154 | D:3      | Noticed Robin
  2170 | D:3      | Killed Robin
  2301 | D:3      | Found a faded altar of an unknown god.
  2462 | D:3      | 2462 ||| UPGRADING to +0 helmet.
  2467 | D:3      | 2467 ||| UPGRADING to amulet of guardian spirit.
  2472 | D:3      | 2472 ||| READING 3 scrolls labelled PUT MEGEYGAU.
  2475 | D:3      | 2475 ||| READING scroll labelled HEYGEH GAUFOYCS.
  2476 | D:3      | 2476 ||| READING 2 scrolls labelled ANGETA LESMAO.
  2477 | D:3      | 2477 ||| READING scroll of enchant weapon.
  2477 | D:3      | 2477 ||| ENCHANTING +1 war axe.
  2478 | D:3      | 2478 ||| READING 2 scrolls of identify.
  2478 | D:3      | 2478 ||| IDENTIFYING metallic silvery potion
  2734 | D:4      | 2734 ||| Stepping ~*~*~tactically~*~*~ (hiding).
  2797 | D:4      | Reached skill level 6 in Axes
  2940 | D:4      | Reached XP level 7. HP: 43/43 MP: 7/7
  3023 | D:4      | Noticed a wyvern
  3028 | D:4      | Killed a wyvern
  3152 | D:4      | 3152 ||| Stepping ~*~*~tactically~*~*~ (stealth).
  3181 | D:4      | Reached skill level 7 in Axes
  3275 | D:4      | HP: 7/44 [iguana (8)]
  3276 | D:4      | 3276 ||| READING 3 scrolls of teleportation.
  3277 | D:4      | 3277 ||| DRINKING potion of heal wounds.
  3575 | D:4      | 3575 ||| FLEEEEING.
  3585 | D:4      | Reached XP level 8. HP: 48/50 MP: 8/8
  4084 | D:4      | 4084 ||| UPGRADING to +0 chain mail.
  4094 | D:4      | 4094 ||| DROPPING +3 ring mail of positive energy.
  4095 | D:4      | 4095 ||| UPGRADING to ring of resist corrosion.
  4096 | D:4      | 4096 ||| UPGRADING to +4 ring of protection.
  4097 | D:4      | 4097 ||| READING 2 scrolls labelled ZECOGIW TAA.
  4098 | D:4      | 4098 ||| READING scroll labelled WAMADY GIHU.
  4099 | D:4      | 4099 ||| READING scroll labelled ANAMOA QEOCWU.
  4100 | D:4      | 4100 ||| DROPPING scroll of vulnerability.
  4106 | D:5      | Entered Level 5 of the Dungeon
  4167 | D:5      | 4167 ||| Stepping ~*~*~tactically~*~*~ (hiding).
  4168 | D:5      | 4168 ||| Stepping ~*~*~tactically~*~*~ (hiding).
  4276 | D:5      | 4276 ||| Stepping ~*~*~tactically~*~*~ (stealth).
  4277 | D:5      | 4277 ||| Stepping ~*~*~tactically~*~*~ (hiding).
  4278 | D:5      | 4278 ||| Stepping ~*~*~tactically~*~*~ (hiding).
  4279 | D:5      | 4279 ||| Stepping ~*~*~tactically~*~*~ (hiding).
  4293 | D:5      | Reached skill level 8 in Axes
  4403 | D:5      | Found a radiant altar of Vehumet.
  4430 | D:5      | Reached skill level 6 in Fighting
  4501 | D:5      | 4501 ||| Stepping ~*~*~tactically~*~*~ (stealth).
  4508 | D:5      | 4508 ||| Stepping ~*~*~tactically~*~*~ (stealth).
  4524 | D:5      | 4524 ||| Stepping ~*~*~tactically~*~*~ (stealth).
  4526 | D:5      | 4526 ||| Stepping ~*~*~tactically~*~*~ (stealth).
  4529 | D:5      | 4529 ||| Stepping ~*~*~tactically~*~*~ (hiding).
  4530 | D:5      | 4530 ||| Stepping ~*~*~tactically~*~*~ (hiding).
  4531 | D:5      | 4531 ||| Stepping ~*~*~tactically~*~*~ (hiding).
  4884 | D:5      | 4884 ||| READING 2 scrolls of identify.
  4884 | D:5      | 4884 ||| IDENTIFYING yellow potion
  4885 | D:5      | 4885 ||| DROPPING potion of degeneration.
  4937 | D:6      | 4937 ||| Stepping ~*~*~tactically~*~*~ (stealth).
  5069 | D:6      | Found a staircase to the Ecumenical Temple.
  5070 | D:6      | 5070 ||| PLANNING TEMPLE
  5076 | Temple   | Entered the Ecumenical Temple
  5083 | Temple   | 5083 ||| PLANNING OKAWARU WORSHIP
  5204 | Temple   | Became a worshipper of Warmaster Okawaru
  5205 | Temple   | 5205 ||| PLANNING D:1-11
  5205 | Temple   | 5205 ||| REMOVING amulet of guardian spirit.
  5270 | D:6      | Noticed a two-headed ogre
  5273 | D:6      | 5273 ||| Stepping ~*~*~tactically~*~*~ (stealth).
  5283 | D:6      | HP: 10/52 [two-headed ogre/+0 giant club (6)]
  5284 | D:6      | 5284 ||| READING 3 scrolls of teleportation.
  5285 | D:6      | 5285 ||| DRINKING potion of heal wounds.
  5520 | D:6      | Reached skill level 9 in Axes
  5520 | D:6      | Reached XP level 9. HP: 56/56 MP: 9/9
  5742 | D:6      | 5742 ||| Stepping ~*~*~tactically~*~*~ (hiding).
  5752 | D:6      | Reached * piety under Okawaru
  5842 | D:6      | 5842 ||| INVOKING Heroism.
  5857 | D:6      | Killed a two-headed ogre
  5857 | D:6      | Reached ** piety under Okawaru
  6043 | D:6      | 6043 ||| UPGRADING to amulet of the acrobat.
  6048 | D:6      | 6048 ||| READING 2 scrolls of identify.
  6048 | D:6      | 6048 ||| IDENTIFYING murky grey potion
  6324 | D:7      | 6324 ||| INVOKING Heroism.
  6332 | D:7      | Reached skill level 1 in Invocations
  6750 | D:7      | 6750 ||| INVOKING Heroism.
  6751 | D:7      | 6751 ||| INVOKING Heroism.
  6753 | D:7      | Reached skill level 3 in Invocations
  6758 | D:7      | Reached XP level 10. HP: 39/63 MP: 9/12
  6973 | D:7      | 6973 ||| UPGRADING to amulet of faith.
  6983 | D:7      | 6983 ||| DRINKING 2 ruby potions.
  6984 | D:7      | 6984 ||| READING 4 scrolls of identify.
  6984 | D:7      | 6984 ||| IDENTIFYING viscous orange potion
  6985 | D:7      | 6985 ||| READING 3 scrolls of identify.
  6985 | D:7      | 6985 ||| IDENTIFYING fuming red potion
  6986 | D:7      | 6986 ||| READING 2 scrolls of identify.
  6986 | D:7      | 6986 ||| IDENTIFYING blue potion
  6987 | D:7      | 6987 ||| DROPPING potion of enlightenment.
  7036 | D:8      | Noticed Erica
  7037 | D:8      | 7037 ||| INVOKING Heroism.
  7049 | D:8      | 7049 ||| DRINKING 2 potions of curing.
  7049 | D:8      | 7049 ||| (to cure confusion)
  7057 | D:8      | Killed Erica
  7058 | D:8      | Reached skill level 10 in Axes
  7075 | D:8      | Found a hide-covered altar of Uskayaw.
  7075 | D:8      | Found a white marble altar of Elyvilon.
  7136 | D:8      | 7136 ||| Stepping ~*~*~tactically~*~*~ (hiding).
  7137 | D:8      | 7137 ||| Stepping ~*~*~tactically~*~*~ (hiding).
  7141 | D:8      | 7141 ||| INVOKING Heroism.
  7180 | D:8      | Found a shimmering blue altar of Sif Muna.
  7231 | D:8      | Reached skill level 1 in Throwing
  7280 | D:8      | 7280 ||| Stepping ~*~*~tactically~*~*~ (hiding).
  7283 | D:8      | 7283 ||| INVOKING Heroism.
  7345 | D:8      | Noticed Amaemon
  7345 | D:8      | Noticed an orange demon
  7346 | D:8      | 7346 ||| Stepping ~*~*~tactically~*~*~ (hiding).
  7349 | D:8      | 7349 ||| Stepping ~*~*~tactically~*~*~ (hiding).
  7352 | D:8      | 7352 ||| INVOKING Heroism.
  7372 | D:8      | Killed Amaemon
  7372 | D:8      | Reached *** piety under Okawaru
  7387 | D:8      | 7387 ||| INVOKING Heroism.
  7390 | D:8      | Killed an orange demon
  7511 | D:8      | Noticed Grum
  7512 | D:8      | 7512 ||| Stepping ~*~*~tactically~*~*~ (hiding).
  7515 | D:8      | 7515 ||| INVOKING Heroism.
  7528 | D:8      | Killed Grum
  7626 | D:8      | Reached **** piety under Okawaru
  7647 | D:8      | 7647 ||| Stepping ~*~*~tactically~*~*~ (stealth).
  7656 | D:8      | Reached skill level 11 in Axes
  7656 | D:8      | 7656 ||| FLEEEEING.
  7657 | D:8      | 7657 ||| Stepping ~*~*~tactically~*~*~ (hiding).
  7659 | D:8      | 7659 ||| Stepping ~*~*~tactically~*~*~ (hiding).
  7661 | D:8      | 7661 ||| Stepping ~*~*~tactically~*~*~ (hiding).
  7724 | D:8      | 7724 ||| Stepping ~*~*~tactically~*~*~ (stealth).
  7725 | D:8      | 7725 ||| Stepping ~*~*~tactically~*~*~ (stealth).
  7738 | D:8      | 7738 ||| INVOKING Heroism.
  7840 | D:8      | 7840 ||| DROPPING +0 flail.
  7872 | D:8      | 7872 ||| Stepping ~*~*~tactically~*~*~ (stealth).
  7880 | D:8      | Noticed Psyche
  7881 | D:8      | 7881 ||| INVOKING Heroism.
  7883 | D:8      | Received a gift from Okawaru
  7893 | D:8      | Reached XP level 11. HP: 28/69 MP: 12/14
  7893 | D:8      | HP: 17/69 [Psyche/+3 dagger of distortion (11)]
  7894 | D:8      | 7894 ||| READING 5 scrolls of teleportation.
  7894 | D:8      | Mangled by Psyche

Levels and vault maps discovered:
D:1:      mrwooster_arrival_arrow, layout_loops_ring
D:2:      layout_basic, uniq_sigmund
D:3:      layout_rooms, hellmonk_ecumenical_altar_inner_sanctum, uniq_robin
D:4:      layout_basic, serial_curves, eino_curves_01, eino_curves_01,
          nzn_random_ring
D:5:      layout_cave_pools, mainiacjoe_overflow_boulevard,
          chequers_serial_rivers_small_b
D:6:      layout_basic, minmay_temple_entry_metal_lava
D:7:      layout_basic, serial_glass, glass_columns_a, glass_columns_a,
          minivault_10, kennysheep_generic_room_2
D:8:      layout_gridville, lemuel_coloured_pillars_altar,
          gammafunk_temple_overflow_wave, uniq_erica, uniq_grum, uniq_psyche,
          uniq_amaemon
Temple:   nicolae_temple_two_arcs

Skill      XL: |  1  2  3  4  5  6  7  8  9 10 |
---------------+-------------------------------+-----
Axes           | 2 3 5 6 7 9 11 | 11.0
Dodging        | 1 2 |  2.0
Fighting       | 4 5 6 7 8 |  8.4
Armour         | 4 7 |  7.0
Shields        | 4 5 |  5.1
Invocations    | 3 4 |  4.9
Throwing       | 1 |  1.2

Action                     |  1- 3 |  4- 6 |  7- 9 | 10-12 || total
---------------------------+-------+-------+-------+-------++-------
  Melee: War axe           |    91 |   116 |   300 |   192 ||   699
         Unarmed           |       |       |    11 |       ||    11
  Throw: Boomerang         |       |     4 |       |    18 ||    22
 Invoke: Heroism           |       |       |     3 |     8 ||    11
    Use: Scroll            |     2 |    10 |     7 |     4 ||    23
         Potion            |     1 |     1 |     2 |     2 ||     6
 Armour: Scale mail        |    41 |       |       |       ||    41
         Ring mail         |    12 |    67 |    37 |       ||   116
         Chain mail        |       |       |   178 |   137 ||   315
  Dodge: Dodged            |    26 |    51 |   176 |    96 ||   349
  Block: Buckler           |    10 |    17 |    73 |    44 ||   144

Table legend:
 A = Non-vault XP
 B = Vault XP
 C = Vault XP percentage of total XP
 D = Non-vault monster count
 E = Vault monster count
 F = Vault count percentage of total count
                 A         B        C        D         E       F
            +---------+---------+-------+---------+---------+-------
      Total |    5994 |    3255 |  35.2 |     151 |      39 |  20.5
            +---------+---------+-------+---------+---------+-------
        D:1 |      49 |       0 |   0.0 |      25 |       0 |   0.0
        D:2 |      48 |     239 |  83.3 |      16 |       1 |   5.9
        D:3 |      11 |      35 |  76.1 |       6 |      12 |  66.7
        D:4 |     765 |     193 |  20.1 |      24 |      16 |  40.0
        D:5 |     690 |       0 |   0.0 |      17 |       0 |   0.0
        D:6 |    1761 |       0 |   0.0 |      15 |       0 |   0.0
        D:7 |     981 |     123 |  11.1 |      15 |       2 |  11.8
        D:8 |    1689 |    2665 |  61.2 |      33 |       8 |  19.5
            +---------+---------+-------+---------+---------+-------
